AoeStats
← Kulishaak

Arabia

510043180Analyzed
1v1 RM · 2d ago on Sep 29, 2026· 51m 34s· 2 players
Game mode
Random Map
Map size
Tiny (2 player)
Population
200
Speed
Normal
Resources
Standard
Victory
Conquest
Starting age
Dark Age
Ending age
Imperial Age
RankedLock teamsTeams togetherTeam positionsShared explorationLock speedFull tech treeHidden civsTurbo modeCheats
Victory
Defeat
🇻🇳 Britons · Vietnam
1152
+17
🇨🇿 Saxons · Czechia
1163
-17
kazushitachie
6:01 Loom
9:23 Feudal Age
10:48 Wheelbarrow
9:56 Horse Collar
10:06 Double-Bit Axe
14:25 Fletching
16:24 Horse Collar
17:02 Padded Archer Armor
17:15 Town Watch
23:34 Castle Age
23:38 Crossbowman
23:44 Crossbowman
24:19 Bodkin Arrow
24:56 Leather Archer Armor
25:39 Wheelbarrow
25:16 Bow Saw
27:14 Ballistics
27:33 Heavy Plow
29:06 Hand Cart
31:38 Town Patrol
38:14 Imperial Age
36:57 Gold Mining
36:58 Stone Mining
38:58 Bracer
40:00 Chemistry
41:51 Yeomen
42:40 Conscription
42:38 Elite Longbowman
Kulishaak
2:00 Loom
9:39 Feudal Age
9:42 Man-at-Arms
10:28 Double-Bit Axe
12:09 Arson
15:40 Fletching
16:32 Padded Archer Armor
21:22 Gold Mining
26:21 Castle Age
24:28 Scale Mail Armor
25:26 Stone Mining
25:17 Horse Collar
26:25 Forging
26:24 Elite Skirmisher
27:03 Bodkin Arrow
28:33 Leather Archer Armor
37:23 Bow Saw
38:19 Squires
38:05 Gambesons
39:55 Chain Mail Armor
41:07 Town Watch
42:39 Wheelbarrow
46:53 Imperial Age
45:20 Iron Casting
47:49 Bracer
47:59 Elite Hearth Troop
50:41 Shield Wall
Connection lost

Rejoining the realm…

Still unreachable

The connection could not be restored.

Session expired

The server has moved on; the page needs a fresh start.